 Dungeon Crawl Stone Soup version 0.23.2-40-g277498a001 (webtiles) character file.

Game seed: 9272587937837211807

194 Kikorro the Shield-Bearer (level 5, -1/46 HPs)
             Began as a Minotaur Fighter on Sept 22, 2019.
             Succumbed to an orc wizard's poison
             ... on level 3 of the Dungeon.
             The game lasted 00:07:48 (2008 turns).

Kikorro the Shield-Bearer (Minotaur Fighter)        Turns: 2008, Time: 00:07:48

Health: -1/46      AC:  8    Str: 21    XL:     5   Next: 44%
Magic:  4/4        EV:  8    Int:  5    God:
Gold:   109        SH: 10    Dex: 10    Spells: 4/4 levels left

rFire    . . .     SeeInvis .   a - +0 flail
rCold    . . .     Gourm    .   c - +0 shield
rNeg     . . .     Faith    .   b - +0 scale mail
rPois    .         Spirit   .   (helmet restricted)
rElec    .         Reflect  .   (no cloak)
rCorr    .         Harm     .   o - +0 pair of gloves
MR       .....                  (no boots)
Stlth    ..........             (no amulet)
HPRegen  0.15/turn              (no ring)
MPRegen  0.09/turn              (no ring)

@: lethally poisoned (-1 -> -33)
A: retaliatory headbutt, horns 2
a: no special abilities


You were on level 3 of the Dungeon.
You were not hungry.

You visited 1 branch of the dungeon, and saw 3 of its levels.

You collected 109 gold pieces.

Inventory:

Hand Weapons
 a - a +0 flail (weapon)
Armour
 b - a +0 scale mail (worn)
 c - a +0 shield (worn)
 o - a +0 pair of gloves (worn)
Scrolls
 e - a scroll of immolation {unknown}
 h - a scroll of random uselessness {unknown}
 i - a scroll of enchant weapon {unknown}
 k - a scroll of enchant armour
 l - a scroll of amnesia {unknown}
 m - a scroll of noise {unknown}
Potions
 d - a potion of might
 p - a potion of invisibility
Comestibles
 f - 4 rations


   Skills:
 + Level 4.2 Fighting
 + Level 3.3 Maces & Flails
 + Level 5.1 Armour
 + Level 1.5 Dodging
 + Level 5.3 Shields


You had 4 spell levels left.
You didn't know any spells.
Your spell library was empty.

Dungeon Overview and Level Annotations

Branches:
Dungeon (3/15)

Altars:
Dithmenos
Hepliaklqana
Vehumet
Xom


Innate Abilities, Weirdness & Mutations

You reflexively headbutt those who attack you in melee.
You have a pair of horns on your head.


Message History

* * * LOW HITPOINT WARNING * * *
You feel very sick. You block the orc wizard's attack.
* * * LOW HITPOINT WARNING * * *
You feel sick. The orc wizard casts a spell at you. The magic dart hits you.
* * * LOW HITPOINT WARNING * * *
Things that are here:
a +2 dagger of pain; a +0 robe
* * * LOW HITPOINT WARNING * * *
You feel very sick.
The orc wizard hits you but does no damage.
You are more poisoned.
Things that are here:
a +0 flail; an orc corpse You thump the orc wizard!
You headbutt the orc wizard, but do no damage.
The orc wizard is heavily wounded.
You die...

........#
#.#
#.......+
#.#
##......#
#.#
⌠#.....##
##.#
.'....##
#..#
⌠#...##
#.##
##....###
#.#
#...#.#.#
#)#
....#..#
#@#
......##
#o#
.......#
#.#
......#.#
#.#
##....# #
..#
......#
#.#
###.###
### #.#
#.#


You could see an orc wizard.

Vanquished Creatures
  An orc wizard (D:3)
  A worker ant (D:2)
  3 adders (D:2)
  5 gnolls
  2 worms (D:2)
  A leopard gecko (D:1)
  An orc (D:3)
  3 ball pythons
  3 giant cockroaches
  8 hobgoblins
  4 jackals (D:2)
  5 kobolds
  4 quokkas
  8 bats
  7 goblins
  4 rats
60 creatures vanquished.

Notes
Turn   | Place    | Note
-------+----------+-------------------------------------------
     0 | D:1      | Kikorro the Minotaur Fighter began the quest for the Orb.
     0 | D:1      | Reached XP level 1. HP: 19/19 MP: 0/0
    19 | D:1      | Reached XP level 2. HP: 27/27 MP: 1/1
   600 | D:2      | Reached XP level 3. HP: 33/33 MP: 2/2
   705 | D:2      | Reached XP level 4. HP: 40/40 MP: 3/3
  1171 | D:2      | Reached skill level 1 in Dodging
  1195 | D:2      | Reached skill level 5 in Armour
  1195 | D:2      | Reached XP level 5. HP: 42/46 MP: 4/4
  1714 | D:3      | Found a radiant altar of Vehumet.
  1734 | D:3      | Found a shimmering altar of Xom.
  1922 | D:3      | Found a hazy altar of Hepliaklqana.
  1923 | D:3      | Found a shadowy altar of Dithmenos.
  2005 | D:3      | Reached skill level 5 in Shields
  2007 | D:3      | HP: 2/46 [poisoned by an orc wizard]
  2008 | D:3      | Succumbed to an orc wizard's poison

Skill      XL: |  1  2  3  4  5 |
---------------+----------------+-----
Fighting       | 4 |  4.2
Armour         | 4 5 |  5.1
Shields        | 4 5 |  5.3
Maces & Flails | 3 |  3.3
Dodging        | 1 |  1.5

Action                   |  1- 3 |  4- 6 || total
-------------------------+-------+-------++-------
Melee: Flail             |    57 |   102 ||   159
       Headbutt          |     9 |    25 ||    34
  Use: Scroll            |       |     3 ||     3
       Potion            |       |     1 ||     1
  Eat: Chunk             |       |     4 ||     4
Armor: Scale mail        |    32 |    54 ||    86
Dodge: Dodged            |    24 |    40 ||    64
Block: Shield            |    31 |    71 ||   102
